 Dungeon Crawl Stone Soup version 0.16.1-4-g8e1b745 (webtiles) character file.

285 Psiweapon the Skirmisher (level 6, 0/56 HPs)
             Began as a Hill Orc Fighter on Mar 27, 2015.
             Killed from afar by an orc wizard (2 damage)
             ... with a magic dart
             ... on level 4 of the Dungeon.
             The game lasted 00:08:30 (2956 turns).

Psiweapon the Skirmisher (Hill Orc Fighter)         Turns: 2956, Time: 00:08:31

Health: 0/56       AC:  7    Str: 24    XL:     6   Next: 29%
Magic:  6/6        EV:  7    Int: 10    God:
Gold:   121        SH: 10    Dex: 12    Spells: 0 memorised, 5 levels left

rFire  + . .     SeeInvis .     a - +0 war axe
rCold  + . .     Clarity  .     b - +0 scale mail
rNeg   . . .     SustAb   .     c - +0 shield
rPois  +         Gourm    .     (no helmet)
rElec  +         Spirit   .     (no cloak)
rCorr  +         Warding  .     (no gloves)
rMut   .         Stasis   .     (no boots)
MR     .....                    n - amulet of rage
Stlth  ..........               (no ring)
                                A - +2 ring of intelligence

@: mighty, resistant, slowed, very slow, not resistant to hostile enchantments,
extremely unstealthy
A: no striking features
a: Evoke Berserk Rage


You were on level 4 of the Dungeon.
You were very hungry.

You visited 1 branch of the dungeon, and saw 4 of its levels.

You collected 121 gold pieces.

Inventory:

Hand weapons
 a - a +0 war axe (weapon)
Missiles
 j - 34 bolts
 k - 18 stones
 m - 5 javelins (quivered)
Armour
 b - a +0 scale mail (worn)
 c - a +0 shield (worn)
 v - a +0 plate armour
Jewellery
 n - an amulet of rage (around neck)
 o - an uncursed ring of ice
 A - a +2 ring of intelligence (left hand)
Magical devices
 D - a wand of enslavement (12)
Scrolls
 g - a scroll of teleportation {unknown}
 h - 2 scrolls of random uselessness {unknown}
 q - a scroll of fog {unknown}
 r - 2 scrolls of identify {unknown}
 s - 3 scrolls of remove curse {unknown}
 w - a scroll of amnesia {unknown}
 y - a scroll of blinking {unknown}
 E - a scroll of recharging {unknown}
Potions
 l - a potion of ambrosia {unknown}
 p - a potion of agility {unknown}
 t - a potion of resistance
 u - a potion of brilliance {unknown}
 x - a potion of mutation {unknown}
Comestibles
 d - 2 meat rations
 f - a slice of pizza
 i - 2 bread rations
 z - 3 fruits


   Skills:
 + Level 5.0 Fighting
 + Level 4.7 Axes
 + Level 4.5 Armour
 + Level 5.0 Shields


You had 5 spell levels left.
You didn't know any spells.

Dungeon Overview and Level Annotations

Branches:
Dungeon (4/15)
 Temple: D:4-7

Altars:


Message History

You block the orc wizard's attack. The orc wizard casts a spell at you.
You feel as though you will be slow longer.
The orc wizard casts a spell at you. The magic dart hits you!
* * * LOW HITPOINT WARNING * * *
You closely miss the orc wizard.
The orc wizard is severely wounded.
The orc wizard hits you with a dagger.
* * * LOW HITPOINT WARNING * * *
You block the orc wizard's attack.
The orc wizard mumbles some strange words.
The orc wizard blinks!
An orc wizard comes into view. It is wielding a dagger.
Drink which item? (? for menu, Esc to quit)
It was a potion of poison.
You feel slightly nauseous.
The orc wizard shouts!
The orc wizard gestures at you while chanting.
The magic dart hits you!
You die...

######## ##......##
.## ##........## .#..
#..........##....
#..........#......
#..........#.....
#................ .
#.<........ยง####...##
##..........@=..o....
#..........######..##
#..........#
#..........#
#..........#
#...........#
##..........#
##....$.....
#.........


You could see an orc wizard.

Vanquished Creatures
  A scorpion (D:3)
  An orc priest (D:3)
  2 worker ants (D:4)
  6 adders
  6 worms
  3 giant geckos
  3 orcs
  5 bats
  5 giant cockroaches
  5 goblins
  6 hobgoblins
  11 jackals
  2 quokkas
  2 ball pythons
  2 giant newts
  6 kobolds
  12 rats
  A plant (D:2)
79 creatures vanquished.

Notes
Turn   | Place    | Note
--------------------------------------------------------------
     0 | D:1      | Psiweapon, the Hill Orc Fighter, began the quest for the Orb.
     0 | D:1      | Reached XP level 1. HP: 19/19 MP: 1/1
   122 | D:1      | Reached XP level 2. HP: 20/27 MP: 2/2
   612 | D:1      | Reached skill level 4 in Fighting
   842 | D:2      | Reached XP level 3. HP: 26/33 MP: 3/3
  1104 | D:2      | Reached XP level 4. HP: 29/40 MP: 4/4
  1638 | D:2      | Reached XP level 5. HP: 32/47 MP: 5/5
  2627 | D:3      | Reached XP level 6. HP: 23/55 MP: 6/6
  2938 | D:4      | Reached skill level 5 in Shields
  2948 | D:4      | Reached skill level 5 in Fighting
  2949 | D:4      | HP: 2/56 [orc wizard/magic dart (5)]
  2955 | D:4      | HP: 2/56 [orc wizard/dagger (2)]
  2956 | D:4      | Killed from afar by an orc wizard

Action                   |  1- 3 |  4- 6 || total
-------------------------+-------+-------++-------
Melee: War axe           |   114 |   199 ||   313
Throw: Stone             |     1 |       ||     1
       Javelin           |       |     1 ||     1
  Use: Potion            |       |     5 ||     5
  Eat: Chunk             |     1 |     5 ||     6
